[Event "LV Capablanca Memorial Elite 2022"]
[Site "La Habana"]
[Date "2022.04.19"]
[Round "1.1"]
[White "Ganguly, Surya Shekhar"]
[Black "Yilmaz, Mustafa"]
[Result "1/2-1/2"]
[ECO "B90"]
[WhiteElo "2627"]
[BlackElo "2627"]
[Annotator "TA"]
[PlyCount "65"]
[EventDate "2022.04.20"]
[EventType "tourn"]
[EventCountry "CUB"]
[SourceTitle "playchess.com"]
[Source "ChessBase"]
[SourceQuality "1"]
[TimeControl "40/5400+30:1800+30"]

1. e4 c5 2. Nf3 d6 3. d4 cxd4 4. Nxd4 Nf6 5. Nc3 a6 6. Be3 e5 7. Nb3 Be7 8. f3 Be6 9. Qd2 O-O 10. O-O-O Nbd7 11. g4 b5 12. g5 Nh5 13. Kb1 {[%emt 0:00:47] B90: Sicilian Najdorf: Unusual White 6th moves, 6 Be3 Ng4 and 6 Be3 e5.} Nb6 14. Na5 {[%emt 0:03:48] [#] Black must now prevent Nc6.} Rc8 {[%emt 0:01:04] Prevents Nc6.} 15. Nd5 {[%emt 0:01:10] The position is equal. is now debated instead of 15.a3.} ({Don't play} 15. Nb7 Qc7 16. Na5 (16. Nxd6 $2 Rcd8 $19) 16... Nf4 17. Bxf4 exf4 $17) 15... Nxd5 16. exd5 Bxd5 17. Qxd5 Qxa5 18. c4 Nf4 19. Bxf4 exf4 20. h4 Qa4 21. Bd3 {[%emt 0:00:25] And now h5 would win.} bxc4 22. Qe4 g6 23. Bc2 {[%emt 0:00:07] [#]} Qe8 $146 ({Predecessor:} 23... Qd7 24. h5 Qe6 25. hxg6 hxg6 26. Qxf4 Qe5 27. Qh4 Qg7 28. Rd2 Rc5 29. f4 f6 30. Rdh2 fxg5 31. Qe1 Bf6 32. Rh6 Qb7 33. Qe6+ {1-0 (33) Dominguez Perez,L (2758)-Vachier Lagrave,M (2751) Saint Louis 2021}) 24. Rde1 Rc7 25. h5 $1 {[%emt 0:00:55] Hoping for hxg6.} d5 26. Qe5 Qc6 27. hxg6 fxg6 28. Rh6 {[%emt 0:00:41][%cal Oc2g6] Strongly threatening Bxg6!} Qd6 {[%emt 0:01:16] ...Qxe5 is the strong threat.} 29. Bxg6 {[%emt 0:00:53][%mdl 64] [#] Pin} Qxe5 30. Bxh7+ Kg7 31. Rxe5 {aiming for Bf5. Really sharp!} Bxg5 $1 32. Rh2 Bf6 33. Rxd5 {[%emt 0:10:02] An even fight not without its subleties.  Weighted Error Value: White=0.02 (flawless) /Black=0.01 (flawless)} 1/2-1/2

[Event "LV Capablanca Memorial Elite 2022"]
[Site "La Habana"]
[Date "2022.04.19"]
[Round "1.2"]
[White "Quesada Perez, Yasser"]
[Black "Durarbayli, Vasif"]
[Result "1/2-1/2"]
[ECO "B51"]
[WhiteElo "2568"]
[BlackElo "2615"]
[Annotator "TA"]
[PlyCount "57"]
[EventDate "2022.04.20"]
[EventType "tourn"]
[EventCountry "CUB"]
[SourceTitle "playchess.com"]
[Source "ChessBase"]
[SourceQuality "1"]
[TimeControl "40/5400+30:1800+30"]

1. e4 c5 2. Nf3 d6 3. Bb5+ Nd7 4. a4 a6 5. Be2 Ngf6 6. Nc3 {[%emt 0:00:16] B51: Sicilian: Moscow Variation (3 Bb5+) without 3...Bd7.} b6 7. d4 cxd4 8. Qxd4 Bb7 9. O-O e5 10. Qe3 Rc8 11. Nd2 Be7 12. Rd1 O-O 13. Nc4 {[%emt 0:02:29] [#]} Nc5 $146 ({Predecessor:} 13... Qc7 14. b3 Nc5 15. Bf3 Ne6 16. Ba3 Nd4 17. Rxd4 exd4 18. Qxd4 Nd7 19. Nd5 Bxd5 20. Qxd5 {1-0 (50) Alsina Leal,D (2462)-Verstraeten,R (2365) El Prat de Llobregat 2019}) 14. Bd3 {[%emt 0:33:24] &Bianco is more active.} ({Better is} 14. f3 $14) 14... Nxd3 15. Qxd3 {[%emt 0:02:30] [#]} Nxe4 16. Nxe4 d5 17. Nxe5 {[%emt 0:02:01] aiming for Ng3.} dxe4 18. Qxd8 Rfxd8 19. Rxd8+ Bxd8 {[%emt 0:02:01] A strong pair of Bishops.} 20. c3 $1 Rc5 (20... f6 $5 21. Ng4 Bc7 $17) 21. f4 f6 22. Ng4 Bc7 23. g3 h5 24. Ne3 h4 25. Kg2 hxg3 26. hxg3 g5 {[%emt 0:00:59] The position is equal.} 27. f5 Rc6 28. Ng4 Bc8 29. Be3 {[%emt 0:00:35] Weighted Error Value: White=0.10 (very precise) /Black=0.08 (flawless)} 1/2-1/2

[Event "LV Capablanca Memorial Elite 2022"]
[Site "La Habana"]
[Date "2022.04.19"]
[Round "1.3"]
[White "Albornoz Cabrera, Carlos Daniel"]
[Black "Mareco, Sandro"]
[Result "0-1"]
[ECO "D36"]
[WhiteElo "2567"]
[BlackElo "2643"]
[Annotator "TA"]
[PlyCount "66"]
[EventDate "2022.04.20"]
[EventType "tourn"]
[EventCountry "CUB"]
[SourceTitle "playchess.com"]
[Source "ChessBase"]
[SourceQuality "1"]
[TimeControl "40/5400+30:1800+30"]

1. d4 Nf6 2. c4 e6 3. Nc3 d5 4. cxd5 exd5 5. Bg5 c6 6. e3 Be7 7. Bd3 Nbd7 8. Qc2 Nh5 9. Bxe7 Qxe7 10. Nge2 g6 {[%emt 0:01:06] 10...Nb6 is the hot move.} 11. O-O O-O 12. Rab1 {[%emt 0:06:09] D36: Queen's Gambit Declined: Exchange Variation: Main line (5 Bg5 c6 6 Qc2).} a5 13. a3 Re8 $5 {[%emt 0:09:17][%mdl 4] [#] A promising side line.} 14. Rbe1 $146 {[%emt 0:14:20] White has an edge.} ({Predecessor:} 14. b4 axb4 15. axb4 b5 16. Bxb5 cxb5 17. Nxd5 Qe4 18. Qxe4 Rxe4 19. Nec3 Bb7 20. Nxe4 Bxd5 {1-0 (29) Fantinel,T (2375)-Siffert,A (1902) Europe Echecs INT 2021}) 14... Ndf6 15. Na4 Qc7 16. Ng3 Nxg3 17. fxg3 Kg7 18. Rf4 (18. Qf2 $11 Re6 19. Nc5) 18... Be6 (18... Nh5 $5 19. Rf3 f5 $15) 19. Ref1 (19. Qc3 $5 ) 19... Nh5 20. R4f2 f5 21. Nc5 Bc8 22. Be2 (22. g4 $5 fxg4 23. e4 $11) 22... Nf6 23. g4 Rxe3 24. gxf5 (24. Qc1 $11 Qe7 25. Qd2 (25. g5 Nd7 $17)) 24... Bxf5 $17 ({Resist} 24... gxf5 25. Qd2 Qe7 26. Bd3 $14) 25. Bd3 {[%emt 0:06:00][%mdl 8192] [#] Loses the game.} ({Of course not} 25. Rxf5 gxf5 26. Qxf5 Qe7) (25. Qd2 $17 Rae8 26. h3) 25... Ng4 $1 $19 ({Stronger than} 25... Bxd3 26. Nxd3 Ng4 27. Rf4 $11) 26. g3 Bxd3 27. Rf7+ (27. Nxd3 $142 Nxf2 28. Qxf2) 27... Qxf7 {[%emt 0:00:07] Black is clearly winning.} 28. Rxf7+ Kxf7 29. Nxd3 Rae8 {[%emt 0:00:44][%cal Oe3e1] [#] White must now prevent ...Re1+!} 30. Qd2 {[%emt 0:01:10][%cal Od3e5] Against Re1+} R8e4 {[%emt 0:00:09] Inhibits Ne5+.} 31. Nf4 (31. Kf1 $142) 31... Re1+ 32. Kg2 g5 33. Kf3 h5 {[%emt 0:00:14] Weighted Error Value: White=0.68/Black=0.05 (flawless)} 0-1

[Event "LV Capablanca Memorial Elite 2022"]
[Site "La Habana"]
[Date "2022.04.19"]
[Round "1.4"]
[White "Almeida Quintana, Omar"]
[Black "Ortiz Suarez, Isan Reynaldo"]
[Result "1/2-1/2"]
[ECO "D36"]
[WhiteElo "2535"]
[BlackElo "2531"]
[Annotator "TA"]
[PlyCount "40"]
[EventDate "2022.04.20"]
[EventType "tourn"]
[EventCountry "CUB"]
[SourceTitle "playchess.com"]
[Source "ChessBase"]
[SourceQuality "1"]
[TimeControl "40/5400+30:1800+30"]

1. d4 d5 2. Nf3 Nf6 3. c4 c6 4. Nc3 e6 5. cxd5 exd5 6. Qc2 Be7 7. Bg5 Nbd7 8. e3 Nf8 9. Bd3 Ne6 10. Bh4 g6 11. O-O Ng7 (11... O-O $11 {might be stronger.}) 12. Bxf6 {[%emt 0:05:58] D36: Queen's Gambit Declined: Exchange Variation: Main line (5 Bg5 c6 6 Qc2).} ({White should play} 12. b4 $14) 12... Bxf6 $11 13. b4 Bg4 14. Nd2 Rc8 15. Nb3 O-O {[%emt 0:00:30] [#]} 16. Rac1 $146 ({Predecessor:} 16. a4 Be7 17. Nc5 b6 18. Na6 Bf5 19. Rfc1 Re8 20. Qd2 Be6 21. Ne2 Nh5 22. Ra2 {½-½ (51) Nenezic,M (2397)-Starcevic,G (2175) Belgrade 2013}) 16... Bf5 17. Rfd1 Qd6 18. a3 Bxd3 19. Qxd3 Nf5 20. h3 Ng7 {[%emt 0:01:22] Not much happened in this game.  Weighted Error Value: White=0.20 (precise) /Black=0.11 (very precise)} 1/2-1/2

[Event "LV Capablanca Memorial Elite 2022"]
[Site "La Habana"]
[Date "2022.04.19"]
[Round "1.5"]
[White "Niemann, Hans Moke"]
[Black "Quesada Perez, Luis Ernesto"]
[Result "1/2-1/2"]
[ECO "C10"]
[WhiteElo "2642"]
[BlackElo "2517"]
[Annotator "TA"]
[PlyCount "199"]
[EventDate "2022.04.20"]
[EventType "tourn"]
[EventCountry "CUB"]
[SourceTitle "playchess.com"]
[Source "ChessBase"]
[SourceQuality "1"]
[TimeControl "40/5400+30:1800+30"]

1. e4 e6 2. d4 d5 3. Nc3 dxe4 4. Nxe4 Nd7 5. Nf3 Ngf6 6. Nxf6+ Nxf6 7. Be3 Bd6 8. Bd3 O-O 9. Qe2 b6 10. O-O-O Bb7 11. Kb1 c5 12. dxc5 bxc5 13. Bg5 h6 14. Bh4 Qc7 15. Bxf6 gxf6 16. Nd2 Rfd8 17. Be4 Rab8 18. Bxb7 Qxb7 19. Nc4 Bf8 20. Rd3 Rd7 21. Rxd7 Rc8 22. Rd8 Rxd8 23. f3 h5 24. Rd1 Rd5 25. Rd3 Rxd3 26. Qxd3 Qc7 27. Qd1 h4 28. g3 Qd7 29. Qg1 Kh8 30. gxh4 Qd5 31. a3 Bh6 32. Qf1 Qd4 33. Qd3 Qxd3 34. cxd3 Bf4 35. Kc2 Kg7 36. Kb3 Bc7 37. Ka4 a6 38. b4 cxb4 39. Kxb4 Kg6 40. Kc5 Kh5 41. Nd6 Kxh4 42. Kc6 Bb8 43. d4 Ba7 44. d5 exd5 45. Kxd5 Kh3 46. Nxf7 Kxh2 47. Ke4 Kg3 48. Nd6 Kf2 49. f4 Bc5 50. Nc4 Kg3 51. f5 Kg4 52. a4 Bb4 53. Ne3+ Kg5 54. Nc4 Bc3 55. Nb6 Bb4 56. Nd5 Bd2 57. Nc7 a5 58. Ne6+ Kg4 59. Ng7 Bc1 60. Ne8 Kg5 61. Ng7 Kg4 62. Ne8 Kg5 63. Nd6 Ba3 64. Nf7+ Kg4 65. Nd8 Bb4 66. Nc6 Bc3 67. Ne7 Kg5 68. Kd3 Bb4 69. Nc6 Be1 (69... Kxf5 $2 70. Nxb4 Kg5 71. Nc6 $18) 70. Ke4 Bc3 71. Nd8 Bd2 72. Ne6+ Kg4 73. Nf8 Bb4 74. Ne6 Bd2 75. Nd4 Bc3 76. Nb3 Bb4 77. Nc1 Bd2 78. Nd3 Kg5 79. Nb2 Bc3 80. Nc4 Bb4 81. Ne3 Bc5 82. Nd5 Bd6 83. Ne3 Bc5 84. Nc2 Bf2 85. Na3 Bc5 86. Nb5 Bb4 87. Nd4 Bc3 88. Ne6+ Kg4 89. Nc7 Kg5 90. Nd5 Bd2 91. Nb6 Bc3 92. Nc4 Bb4 93. Nb2 Bc3 94. Nd3 Bd2 95. Nf2 Be1 96. Nh3+ Kg4 97. Nf4 Kg5 98. Nd5 Bd2 99. Nb6 Bc3 100. Nd5 1/2-1/2

[Event "LV Capablanca Memorial Elite 2022"]
[Site "La Habana"]
[Date "2022.04.20"]
[Round "2.1"]
[White "Yilmaz, Mustafa"]
[Black "Quesada Perez, Luis Ernesto"]
[Result "1/2-1/2"]
[ECO "A30"]
[WhiteElo "2627"]
[BlackElo "2517"]
[Annotator "TA"]
[PlyCount "135"]
[EventDate "2022.04.20"]
[EventType "tourn"]
[EventCountry "CUB"]
[SourceTitle "playchess.com"]
[Source "ChessBase"]
[SourceQuality "1"]
[TimeControl "40/5400+30:1800+30"]

1. c4 Nf6 2. Nf3 e6 3. g3 b6 4. Bg2 Bb7 5. O-O c5 6. Nc3 Be7 7. d4 cxd4 8. Qxd4 d6 9. Rd1 a6 10. Bg5 Nbd7 11. Qd2 O-O 12. Bf4 Ne8 13. Rac1 {[%emt 0:01:21] &Bianco is more active.} Qc7 {[%emt 0:23:47] is the legacy move (13...Rc8). A30: Symmetrical English: Double Fianchetto and Hedgehog.} 14. Qe3 {[%emt 0:02:58][%cal Oc3d5] [#] is the legacy move (14.b3).} Qc5 $5 $146 {[%emt 0:16:06][%mdl 8] An interesting novelty.} ({Predecessor:} 14... Nef6 15. Nd5 exd5 16. Qxe7 Rfe8 17. Qxd6 Qxd6 18. Bxd6 Rxe2 19. cxd5 Bxd5 20. Rxd5 Nxd5 {1-0 (45) Iturrizaga Bonelli,E (2641)-Hjartarson,J (2529) Berlin 2015}) 15. Qxc5 bxc5 {[%emt 0:01:38] White is slightly better.} 16. b3 Nb6 17. g4 f6 18. Bg3 Rd8 19. Rd2 g6 20. Rcd1 f5 21. gxf5 gxf5 22. e3 Ba8 23. Ne1 Bf6 24. Rd3 e5 25. Nd5 {[%emt 0:02:33] Against f4} (25. f3 $14) 25... Nxd5 $11 26. Bxd5+ Bxd5 27. Rxd5 Rc8 28. f4 exf4 29. Bxf4 Be7 30. Ng2 (30. Kg2 {seems wilder.} a5 31. Kf3 a4 32. Nd3) 30... a5 31. R5d3 a4 32. bxa4 Ra8 33. Ra3 Ra6 34. Rb1 Nf6 35. Rb7 Bd8 36. Bh6 Rf7 37. Rb8 Rd7 38. Bg5 {[%emt 0:03:00] [#] And now Bxf6 would win.} Kf7 39. Nf4 Be7 40. a5 (40. Bxf6 $5 Bxf6 41. a5 $11) 40... Rda7 41. Rb5 Ng4 42. Bxe7 Kxe7 43. Nd3 Nxe3 44. Nxc5 $1 Nxc4 45. Nxa6 Nxa3 $15 {[%emt 0:00:14][%mdl 4096] Endgame KRN-KRN} 46. Rb3 Nc4 47. Nb4 {[%emt 0:00:10] Strongly threatening Nc6+.} Nxa5 48. Re3+ Kf7 49. Rh3 Ke6 50. Kf2 Rb7 51. Rh6+ Ke5 52. Nd3+ Kd5 53. Kf3 (53. Rf6 $11 {remains equal.}) 53... Nc4 $17 54. Kf4 {[%emt 0:00:51] [#]} (54. Nf4+ $142 Kd4 55. Ne6+ Ke5 56. Nd8) 54... Ne5 $1 55. Rh3 ({Don't blunder} 55. Nxe5 $2 dxe5+ 56. Kf3 (56. Kxf5 $2 Rf7+ 57. Kg4 e4 $19) 56... Ra7 $19) 55... Nxd3+ ({Better is} 55... Ke6 $17 {aiming for ...Kf6.} 56. a3 Nxd3+ 57. Rxd3 Ra7 58. Re3+ Kf6) 56. Rxd3+ {[%emt 0:00:02] KR-KR. The position is equal.} Ke6 57. Rh3 Rb4+ 58. Kf3 Rb2 59. Rxh7 Rxa2 60. Rh8 Ra3+ 61. Kf4 Ra4+ 62. Kf3 d5 63. h4 Rg4 64. h5 Kf6 65. h6 Rh4 66. h7 Kg7 67. Rd8 Kxh7 68. Rxd5 {[%emt 0:00:05] Weighted Error Value: White=0.12 (very precise) /Black=0.11 (very precise)} 1/2-1/2

[Event "LV Capablanca Memorial Elite 2022"]
[Site "La Habana"]
[Date "2022.04.20"]
[Round "2.2"]
[White "Ortiz Suarez, Isan Reynaldo"]
[Black "Niemann, Hans Moke"]
[Result "0-1"]
[ECO "C77"]
[WhiteElo "2531"]
[BlackElo "2642"]
[Annotator "TA"]
[PlyCount "68"]
[EventDate "2022.04.20"]
[EventType "tourn"]
[EventCountry "CUB"]
[SourceTitle "playchess.com"]
[Source "ChessBase"]
[SourceQuality "1"]
[TimeControl "40/5400+30:1800+30"]

1. e4 e5 2. Nf3 Nc6 3. Bb5 a6 4. Ba4 Nf6 5. d3 b5 6. Bb3 Bc5 7. Nc3 {[%emt 0:01:34] 7.c3 is becoming the main line.} d6 {[%emt 0:00:47] C77: Ruy Lopez: 3...a6 4 Ba4 Nf6, unusual lines.} 8. Nd5 h6 {[%emt 0:00:56] Inhibits Bg5.} 9. c3 Be6 {[%emt 0:06:10] The position is equal.} 10. O-O Bxd5 11. exd5 Ne7 12. d4 exd4 13. Nxd4 O-O (13... Qd7 {feels hotter.} 14. Qd3 O-O 15. a4 Nfxd5 16. axb5 axb5 17. Bc2 Nf6) 14. Qf3 Bxd4 15. cxd4 Nc8 {[%emt 0:09:26] [#]} 16. Bd2 $146 ({Predecessor:} 16. a4 bxa4 17. Bxa4 Na7 18. Rd1 Nb5 19. Bxh6 Qd7 20. Bc2 Qg4 21. Qxg4 Nxg4 22. Bg5 {1-0 (45) McKay,R-Norris,A Troon 1980}) 16... a5 17. a3 Nb6 18. Rac1 Re8 19. h3 a4 20. Ba2 Re4 21. Rc6 Qe7 (21... Rxd4 $2 22. Bc3 Rh4 23. g3 $18 (23. Bxf6 Qxf6 24. Qxf6 gxf6 $14)) 22. Qd3 Re2 (22... Nbxd5 $5 23. Qxb5 Rxd4 $11) 23. Bc1 b4 24. axb4 (24. Rxc7 $5 Qxc7 25. Qxe2 $11) 24... Nbxd5 {[%emt 0:04:45] Pair of Knights!} 25. Qb5 Qe4 {[%emt 0:02:33][%cal Oa4a3] Hoping for ...a3!} 26. Bb1 $1 Qe8 $36 {[%emt 0:01:05][%mdl 2048] ...Rb8 is the strong threat. Black is pushing.} 27. Bd3 {[%emt 0:00:33] [#]} Rb8 $1 28. Qxa4 Rxb4 29. Qa6 Re1 30. Rc4 Rb3 31. Rxe1 Qxe1+ 32. Bf1 Rb8 {[%emt 0:04:00] 0x0.00203746de19dp-1022s more active pieces.} (32... Rd3 $1 $15 33. Qc8+ Ne8) 33. Qc6 (33. Qa3 $11) 33... Re8 $17 {[%emt 0:02:28] [#] White must now prevent ...Re2.} 34. Rc2 {[%emt 0:03:53] Against Re2} Nb4 {[%emt 0:00:02][%csl LRc2,LRc6] Weighted Error Value: White=0.11 (very precise) /Black=0.07 (flawless)} 0-1

[Event "LV Capablanca Memorial Elite 2022"]
[Site "La Habana"]
[Date "2022.04.20"]
[Round "2.3"]
[White "Mareco, Sandro"]
[Black "Almeida Quintana, Omar"]
[Result "1-0"]
[ECO "B06"]
[WhiteElo "2643"]
[BlackElo "2535"]
[Annotator "TA"]
[PlyCount "106"]
[EventDate "2022.04.20"]
[EventType "tourn"]
[EventCountry "CUB"]
[SourceTitle "playchess.com"]
[Source "ChessBase"]
[SourceQuality "1"]
[TimeControl "40/5400+30:1800+30"]

1. e4 g6 2. d4 Bg7 3. Nc3 d6 4. Be3 a6 5. h4 h5 6. Nh3 {[%emt 0:00:04] B06: Modern Defence.} Bxh3 7. Rxh3 Nf6 {[%emt 0:00:29] [#]} 8. e5 $146 {[%emt 0:01:58] White is slightly better.} ({Predecessor:} 8. f3 b5 9. Qd2 c6 10. O-O-O Nbd7 11. Kb1 Qa5 12. Nd5 Qxd2 13. Nxf6+ Nxf6 14. Rxd2 {1-0 (46) Sharapov,E (2380)-Petkov,M (2424) Chess.com INT 2020}) 8... Ng4 9. e6 fxe6 10. Qd3 Kd7 11. O-O-O Qg8 12. Ne4 (12. Qxg6 Nxf2 13. Rg3 (13. Bb5+ $2 axb5 14. Rg3 Ng4 $19) 13... Ng4 $15) 12... Nc6 13. Kb1 (13. Qb3 $5 ) 13... e5 14. dxe5 (14. d5 $14 Nd4 15. Bc1) 14... Bxe5 15. f4 Bg7 (15... Nb4 $2 16. Qa3 (16. Qc4 Qxc4 17. Bxc4 Nxe3 $11) 16... Nxe3 17. Rxe3 Bxf4 18. Rf3 Qxa2+ 19. Qxa2 Nxa2 20. Rxf4 $18) 16. Bg1 {[%emt 0:03:07][%mdl 1024] White has compensation.} Kc8 (16... Nb4 17. Qb3 Qxb3 18. Rxb3 $16) (16... Rf8 $11) 17. Ng5 $14 Nb4 {[%emt 0:14:58] [#]} (17... Bxb2 $2 18. Kxb2 e5 19. f5 gxf5 20. Qxf5+ Kb8 21. Rf3 $18) (17... Bh6 $14) 18. Qa3 $1 $16 c5 19. c3 Nc6 20. Qa4 Kb8 21. Bd3 Bf6 22. Be4 Qe8 23. Ne6 ({Better is} 23. b4 $16) 23... Qc8 $1 $14 24. Qb3 Na5 25. Qd5 {[%emt 0:00:00] Strongly threatening b4. &Bianco is much more active.} Qc6 {[%emt 0:00:00] A mistake that costs the game.} ({Black should play} 25... Bxh4 $1 $14 26. Nxc5 (26. Rxh4 Nf6 $11) (26. Bxg6 Bf2 $11) 26... Bf2) 26. Bxg6 $18 {[%emt 0:00:00] b4 is the strong threat.} Qxd5 $2 (26... Rh6 {keeps fighting.}) 27. Rxd5 Nc4 28. Bxh5 Nb6 {[%emt 0:01:49] [#]} 29. Rg5 Nh6 30. Bg6 Kc8 31. g4 Kd7 $2 {[%emt 0:02:03] [#]} (31... Rg8 32. Bh7 Rh8) 32. Nxc5+ $1 Kc6 33. Be4+ d5 {[%emt 0:00:01] [#]} 34. Rxd5 Nxd5 35. g5 b5 36. b3 {[%emt 0:00:40] Black must now prevent Rd3.} e6 37. c4 (37. gxf6 Kd6 38. Rd3 Rag8 $18) 37... bxc4 38. bxc4 {[%emt 0:00:05][%mdl 64] Pin} (38. gxf6 Kd6 $16) (38. gxh6 cxb3 39. axb3 (39. Rxb3 Rab8 $11) (39. Nxe6 bxa2+ 40. Kxa2 Rab8 $11) 39... Kd6 $11) 38... Rab8+ 39. Rb3 {[%emt 0:03:56] Dancing on a razor blade.} Be7 $2 (39... Rxb3+ {was worth a try.} 40. axb3 Kd6 41. cxd5 (41. gxf6 Nxf6 42. Bd4 Rg8 $14) 41... exd5) 40. Nxe6 {[%emt 0:00:00] White is clearly winning.} ({Not} 40. gxh6 $2 Bxc5 41. Bh2 (41. cxd5+ $2 exd5 42. Bxc5 Rxb3+ 43. axb3 dxe4 $19) 41... Rxb3+ 42. axb3 {[#]} Rxh6 $1 $19) ({Inferior is} 40. cxd5+ exd5 41. Bd4 dxe4 42. Bxh8 Rxh8 43. Nxe4 Nf5 $17) 40... Nf7 41. Bxd5+ {[%emt 0:00:55] This bishop pair is nice.} Kd7 42. g6 Nh6 43. g7 Rxb3+ 44. axb3 Rb8 45. Kc2 Bf6 46. Bc5 Bxh4 47. Nf8+ Ke8 48. Ng6 Bf6 49. g8=Q+ Nxg8 50. Bxg8 Kd7 51. Bd5 a5 52. Ne5+ Kc7 53. Ng4 Kd8 {[%emt 0:02:37] Weighted Error Value: White=0.15 (very precise) /Black=0.38} 1-0

[Event "LV Capablanca Memorial Elite 2022"]
[Site "La Habana"]
[Date "2022.04.20"]
[Round "2.4"]
[White "Durarbayli, Vasif"]
[Black "Albornoz Cabrera, Carlos Daniel"]
[Result "1-0"]
[ECO "B92"]
[WhiteElo "2615"]
[BlackElo "2567"]
[Annotator "TA"]
[PlyCount "62"]
[EventDate "2022.04.20"]
[EventType "tourn"]
[EventCountry "CUB"]
[SourceTitle "playchess.com"]
[Source "ChessBase"]
[SourceQuality "1"]
[TimeControl "40/5400+30:1800+30"]

1. e4 c5 2. Nf3 d6 3. d4 cxd4 4. Nxd4 Nf6 5. Nc3 a6 6. Be2 e5 7. Nb3 Be7 8. O-O O-O 9. Re1 Be6 {[%emt 0:00:30] B92: Sicilian Najdorf: 6 Be2.} 10. Bf3 h6 {[%emt 0:00:30] [#]} 11. h3 $5 $146 {[%emt 0:00:30][%mdl 8] New and interesting.} ({Predecessor:} 11. a4 Qc7 12. h3 Nbd7 13. Nd2 Rfc8 14. Nf1 Rab8 15. Ne3 b5 16. axb5 axb5 17. Bd2 {1-0 (38) Durarbayli,V (2549)-Atabayev,Y (2431) Kazan 2013}) 11... Nh7 {[%emt 0:00:30] The position is equal.} 12. Be3 Nd7 13. a4 Rc8 14. a5 Rc6 15. Nd2 Bg5 16. Nf1 Qc7 17. Ra3 Rc8 18. Qb1 Bxe3 19. Nxe3 Ng5 20. Bg4 Nf6 21. Bf5 Rc5 22. h4 Ngh7 23. Na4 Rc6 24. Nb6 Re8 25. c4 Nf8 26. b4 $36 {[%emt 0:00:30][%mdl 2048] White is really pushing. White is better.} Qe7 (26... g6 $142) 27. Nbd5 $16 {[%emt 0:00:30] &Bianco is more active.} Bxd5 28. cxd5 ({Don't do} 28. exd5 $6 Rc7 $14) 28... Rc7 29. Rc1 g6 {[%emt 0:00:30] [#]} 30. Rac3 $1 Rxc3 31. Rxc3 Rb8 {[%emt 0:00:30] Weighted Error Value: White=0.05 (flawless) /Black=0.11 (very precise)} (31... gxf5 $2 32. Nxf5 Qd8 33. Qc1 (33. Nxh6+ Kh7 $18) 33... Nxe4 34. Nxh6+ (34. Rc7 Qf6 $16) 34... Kg7 35. Nf5+ Kg8 36. Qe3 $18) 1-0

[Event "LV Capablanca Memorial Elite 2022"]
[Site "La Habana"]
[Date "2022.04.20"]
[Round "2.5"]
[White "Ganguly, Surya Shekhar"]
[Black "Quesada Perez, Yasser"]
[Result "1-0"]
[ECO "B36"]
[WhiteElo "2627"]
[BlackElo "2568"]
[Annotator "TA"]
[PlyCount "65"]
[EventDate "2022.04.20"]
[EventType "tourn"]
[EventCountry "CUB"]
[SourceTitle "playchess.com"]
[Source "ChessBase"]
[SourceQuality "1"]
[TimeControl "40/5400+30:1800+30"]

1. e4 c5 2. Nf3 Nc6 3. d4 cxd4 4. Nxd4 g6 5. c4 Nf6 6. Nc3 Nxd4 7. Qxd4 d6 8. Be3 Bg7 9. Be2 O-O 10. Qd2 a5 {[%emt 0:00:20] B36: Sicilian: Maroczy Bind: Gurgenidze System.} 11. O-O a4 12. Rad1 {[%emt 0:00:10] Recently 12.Bd4 got a lot of attention.} Qa5 {[%emt 0:00:25] White is slightly better.} 13. Bd4 Bd7 14. Bxf6 Bxf6 15. Nd5 Qxd2 16. Rxd2 Kg7 17. c5 {[%emt 0:03:39] [#]} Be6 $146 ({Predecessor:} 17... Bc6 18. Nxf6 Kxf6 19. cxd6 Bxe4 20. dxe7 Rfe8 21. Re1 Rxe7 22. Bc4 Rc8 23. Rd6+ Ke5 24. Rd5+ Kf6 25. Rd6+ Ke5 26. Rd5+ {½-½ (26) Draskovic,L (2444)-Djukic,N (2562) Niksic 2018}) 18. cxd6 exd6 19. Nxf6 Kxf6 20. Rxd6 Rfd8 21. Rb6 (21. Rfd1 Rxd6 22. Rxd6 Rc8 $15) 21... Kg7 22. Rd1 Bxa2 23. Rxb7 Bb3 24. Rxd8 Rxd8 $14 {[%emt 0:00:05][%mdl 4096] Endgame KRB-KRB} 25. h4 $1 Rd2 26. Bb5 h5 27. f3 ({Don't play} 27. Ra7 Rxb2 28. e5 (28. Bxa4 Rb1+ 29. Kh2 Ra1 $17) 28... Rb1+ 29. Kh2 Ra1 $11) 27... Rxb2 $2 {[%emt 0:19:19] [#] This costs Black the game.} (27... Kf8 $16) 28. Bxa4 $1 $18 {[%emt 0:03:45][%mdl 512] White has a decisive advantage.} Rb1+ 29. Kf2 Ba2 30. Rxb1 Bxb1 31. Ke3 {[%emt 0:00:40] Bb3 is the strong threat.} Ba2 {[%emt 0:02:26] Inhibits Bb3.} 32. Kd4 Kf6 33. Bc2 {[%emt 0:02:15] Weighted Error Value: White=0.03 (flawless) /Black=0.25 (precise)} 1-0

[Event "LV Capablanca Memorial Elite 2022"]
[Site "La Habana"]
[Date "2022.04.21"]
[Round "3.1"]
[White "Quesada Perez, Yasser"]
[Black "Yilmaz, Mustafa"]
[Result "1/2-1/2"]
[ECO "D46"]
[WhiteElo "2568"]
[BlackElo "2627"]
[Annotator "TA"]
[PlyCount "55"]
[EventDate "2022.04.20"]
[EventType "tourn"]
[EventCountry "CUB"]
[SourceTitle "playchess.com"]
[Source "ChessBase"]
[SourceQuality "1"]
[TimeControl "40/5400+30:1800+30"]

1. d4 d5 2. c4 e6 3. Nf3 Nf6 4. Nc3 c6 5. e3 Nbd7 6. Qc2 Bd6 7. Bd3 O-O 8. O-O dxc4 9. Bxc4 b5 10. Be2 Bb7 11. Rd1 Be7 {[%emt 0:00:08] D46: Semi-Slav: 5 e3 Nbd7 6 Bd3, Black avoids the Meran.} 12. e4 {[%emt 0:05:08] [#]} b4 $146 ({Predecessor:} 12... a6 13. e5 Nd5 14. Nxd5 cxd5 15. Bd3 h6 16. Qe2 Re8 {½-½ (15) Jurisic,I (1766)-Vujicic,D (1916) Veliko Gradiste 2021}) 13. e5 bxc3 {[%emt 0:04:37] The position is equal.} 14. exf6 Nxf6 15. Qxc3 Qb6 16. Ne5 c5 17. Nc4 Qa6 18. Be3 Rac8 19. dxc5 {[%emt 0:11:17] Hoping for b4.} Bxc5 {[%emt 0:02:07] [#]} 20. Nd6 $1 Qxe2 21. Bxc5 Ne4 $1 22. Nxe4 Qxe4 23. f3 {[%emt 0:00:06] Active counter play!} Qg6 $132 {[%emt 0:04:56][%cal Ob7f3][%mdl 2048] Black is fighting back} 24. b4 Rfe8 ({Black should try} 24... a6 $11) 25. Qd3 (25. Rd7 $14 Bc6 26. Rxa7) 25... a5 26. Qxg6 hxg6 27. a3 Bd5 28. h4 {[%emt 0:01:57] Weighted Error Value: White=0.11 (very precise) /Black=0.15 (very precise)} 1/2-1/2